SKY
ATLANTA BRAVES @ MINNESOTA TWINS
05/22/2052
 
TOP OF THE 1ST
Atlanta Braves batting - Pitching for Minnesota Twins : RHP Roberto Bush
Pitching: RHP Roberto Bush
Batting: RHB Sylvester Miles 0-0: Fly out, F8 (Flyball, 8RD, EV 102.5 MPH)
Batting: RHB Phooka May 0-0: Swinging Strike
0-1: Ball
1-1: Ball
2-1: Foul Ball, location: 5F
2-2: Ball
3-2: Strikes out swinging
Batting: RHB Josias Jaynes 0-0: Called Strike
0-1: Ball
1-1: Ball
2-1: Ball
3-1: Called Strike
3-2: Ground out 4-3 (Groundball, 4, EV 91.9 MPH)
Top of the 1st over - 0 runs, 0 hits, 0 errors, 0 left on base; Atlanta 0 - Minnesota 0
BOTTOM OF THE 1ST
Minnesota Twins batting - Pitching for Atlanta Braves : LHP Jefry Alcantara
Pitching: LHP Jefry Alcantara
Batting: RHB Samuel Everhart 0-0: Ball
1-0: Ground out 5-3 (Groundball, 56, EV 99.4 MPH)
Batting: RHB Jordi Ortiz 0-0: Ball
1-0: Swinging Strike
1-1: Called Strike
1-2: SINGLE (Line Drive, 7S, EV 98.1 MPH)
Batting: RHB Raul Cathey 0-0: Ball
1-0: Ball
2-0: SINGLE (Flyball, 8RS, EV 95.0 MPH)
Jordi Ortiz to second
Batting: RHB Zachary Dahdal 0-0: Foul Ball, location: 2F
0-1: Ball
Wild Pitch!
Jordi Ortiz to third
Raul Cathey to second
1-1: Foul Ball, location: 5F
1-2: Foul Ball, location: 2F
1-2: Ball
2-2: Foul Ball, location: 7LMF
2-2: Foul Ball, location: 23FF
2-2: Ball
3-2: Foul Ball, location: 9LSF
3-2: Strikes out swinging
Batting: RHB Pinkney Hines 0-0: Ball
1-0: Ball
2-0: 3-RUN HOME RUN (Flyball, 78XD, EV 107.5 MPH), Distance : 398 ft
Batting: RHB Nick Haftel 0-0: Called Strike
0-1: Swinging Strike
0-2: Ground out U3 (Groundball, 34S, EV 66.9 MPH)
Bottom of the 1st over - 3 runs, 3 hits, 0 errors, 0 left on base; Atlanta 0 - Minnesota 3
TOP OF THE 2ND
Atlanta Braves batting - Pitching for Minnesota Twins : RHP Roberto Bush
Batting: LHB Adrian Cooke 0-0: Foul Ball, location: 2F
0-1: Ball
1-1: Foul Ball, location: 5F
1-2: Ball
2-2: Strikes out swinging
Batting: SHB Scott Hill 0-0: Ball
1-0: Foul Ball, location: 2F
1-1: SOLO HOME RUN (Flyball, 89XD, EV 109.4 MPH), Distance : 411 ft
Batting: RHB Jagger Macon 0-0: Ball
1-0: Called Strike
1-1: Foul Ball, location: 7LMF
1-2: Strikes out swinging
Batting: RHB Peter Guice 0-0: Swinging Strike
0-1: Ground out 4-3 (Groundball, 4M, EV 86.9 MPH)
Top of the 2nd over - 1 run, 1 hit, 0 errors, 0 left on base; Atlanta 1 - Minnesota 3
BOTTOM OF THE 2ND
Minnesota Twins batting - Pitching for Atlanta Braves : LHP Jefry Alcantara
Batting: RHB Victor Rodríguez 0-0: Fly out, F7 (Flyball, 78M, EV 87.5 MPH)
Batting: RHB Isiah Crudup 0-0: Ball
1-0: Called Strike
1-1: Swinging Strike
1-2: Ground out 6-3 (Groundball, 6, EV 103.1 MPH)
Batting: LHB Dan Crain 0-0: Ball
1-0: Called Strike
1-1: Foul Ball, location: 3SF
1-2: Strikes out swinging
Bottom of the 2nd over - 0 runs, 0 hits, 0 errors, 0 left on base; Atlanta 1 - Minnesota 3
TOP OF THE 3RD
Atlanta Braves batting - Pitching for Minnesota Twins : RHP Roberto Bush
Batting: RHB Aiden Newman 0-0: Ball
1-0: Ball
2-0: Called Strike
2-1: Ball
3-1: Swinging Strike
3-2: Foul Ball, location: 2F
3-2: Fly out, F9 (Flyball, 9D, EV 103.8 MPH)
Batting: RHB Will Howard 0-0: Called Strike
0-1: Ground out 5-3 (Groundball, 56, EV 102.5 MPH)
Batting: RHB Sylvester Miles 0-0: Foul Ball, location: 7LSF
0-1: Called Strike
0-2: Ball
1-2: Foul Ball, location: 9LMF
1-2: Fly out, F3 (Popup, 34, EV 71.9 MPH)
Top of the 3rd over - 0 runs, 0 hits, 0 errors, 0 left on base; Atlanta 1 - Minnesota 3
BOTTOM OF THE 3RD
Minnesota Twins batting - Pitching for Atlanta Braves : LHP Jefry Alcantara
Batting: RHB Samuel Everhart 0-0: Ball
1-0: Called Strike
1-1: Ball
2-1: Ball
3-1: Called Strike
3-2: Strikes out swinging
Batting: RHB Jordi Ortiz 0-0: Foul Ball, location: 3SF
0-1: Foul Ball, location: 3F
0-2: Fly out, F8 (Flyball, 8LD, EV 102.5 MPH)
Batting: RHB Raul Cathey 0-0: Swinging Strike
0-1: Ball
1-1: Fly out, F8 (Flyball, 8LM, EV 90.6 MPH)
Bottom of the 3rd over - 0 runs, 0 hits, 0 errors, 0 left on base; Atlanta 1 - Minnesota 3
TOP OF THE 4TH
Atlanta Braves batting - Pitching for Minnesota Twins : RHP Roberto Bush
Batting: RHB Phooka May 0-0: Ground out 4-3 (Groundball, 4S, EV 81.3 MPH)
Batting: RHB Josias Jaynes 0-0: Ball
1-0: SINGLE (Line Drive, 9S, EV 87.5 MPH)
Batting: LHB Adrian Cooke 0-0: Ball
1-0: Ball
2-0: 2-RUN HOME RUN (Flyball, 89XD, EV 99.4 MPH), Distance : 408 ft
Batting: SHB Scott Hill 0-0: Called Strike
0-1: Ball
1-1: Ball
2-1: DOUBLE (Line Drive, 7LM, EV 106.3 MPH)
Batting: RHB Jagger Macon 0-0: Called Strike
0-1: Ball
1-1: Ball
2-1: Ball
3-1: Base on Balls
Batting: RHB Peter Guice 0-0: Called Strike
0-1: Called Strike
0-2: Grounds into double play, 6-4-3 (Groundball, 6, EV 103.1 MPH)
Top of the 4th over - 2 runs, 3 hits, 0 errors, 1 left on base; Atlanta 3 - Minnesota 3
BOTTOM OF THE 4TH
Minnesota Twins batting - Pitching for Atlanta Braves : LHP Jefry Alcantara
Batting: RHB Zachary Dahdal 0-0: Called Strike
0-1: Ball
1-1: Foul Ball, location: 9LMF
1-2: Strikes out looking
Batting: RHB Pinkney Hines 0-0: Ball
1-0: Ball
2-0: Foul Ball, location: 2F
2-1: Called Strike
2-2: Strikes out looking
Batting: RHB Nick Haftel 0-0: Ball
1-0: Foul Ball, location: 5SF
1-1: Swinging Strike
1-2: Ball
2-2: Foul Ball, location: 3SF
2-2: Foul Ball, location: 3F
2-2: SINGLE (Groundball, 6MD, EV 108.1 MPH)
Batting: RHB Victor Rodríguez 0-0: Called Strike
0-1: Ball
1-1: Swinging Strike
1-2: Ball
2-2: 2-RUN HOME RUN (Flyball, 78XD, EV 98.8 MPH), Distance : 387 ft
Batting: RHB Isiah Crudup 0-0: Ball
1-0: SINGLE (Line Drive, 89S, EV 97.5 MPH)
Batting: LHB Dan Crain 0-0: Called Strike
0-1: SINGLE (Groundball, 6, EV 100.0 MPH) (infield hit)
Isiah Crudup to second
Batting: RHB Samuel Everhart 0-0: Called Strike
0-1: Swinging Strike
0-2: Strikes out swinging
Bottom of the 4th over - 2 runs, 4 hits, 0 errors, 2 left on base; Atlanta 3 - Minnesota 5
TOP OF THE 5TH
Atlanta Braves batting - Pitching for Minnesota Twins : RHP Roberto Bush
Batting: RHB Aiden Newman 0-0: Swinging Strike
0-1: Swinging Strike
0-2: Ball
1-2: Strikes out swinging
Batting: RHB Will Howard 0-0: Ball
1-0: Ball
2-0: Fly out, F9 (Flyball, 89S, EV 90.0 MPH)
Batting: RHB Sylvester Miles 0-0: Called Strike
0-1: SINGLE (Groundball, 6M, EV 103.1 MPH) (infield hit)
Batting: RHB Phooka May 0-0: Ball
1-0: Ball
2-0: Fielders Choice at 2nd, 6-4 (Groundball, 6, EV 90.0 MPH)
Top of the 5th over - 0 runs, 1 hit, 0 errors, 1 left on base; Atlanta 3 - Minnesota 5
BOTTOM OF THE 5TH
Minnesota Twins batting - Pitching for Atlanta Braves : LHP Jefry Alcantara
Batting: RHB Jordi Ortiz 0-0: Called Strike
0-1: Foul Ball, location: 2F
0-2: Strikes out swinging
Batting: RHB Raul Cathey 0-0: Foul Ball, location: 3F
0-1: Foul Ball, location: 23F
0-2: Ball
1-2: Ball
2-2: Ball
3-2: Fly out, F4 (Popup, 34S, EV 71.9 MPH)
Batting: RHB Zachary Dahdal 0-0: Ball
1-0: Foul Ball, location: 2F
1-1: Called Strike
1-2: Ball
2-2: Ground out 5-3 (Groundball, 5, EV 88.1 MPH)
Bottom of the 5th over - 0 runs, 0 hits, 0 errors, 0 left on base; Atlanta 3 - Minnesota 5
TOP OF THE 6TH
Atlanta Braves batting - Pitching for Minnesota Twins : RHP Roberto Bush
Batting: RHB Josias Jaynes 0-0: Ball
1-0: Called Strike
1-1: Ball
2-1: Foul Ball, location: 3SF
2-2: Ball
3-2: Fly out, F8 (Flyball, 8RM, EV 78.1 MPH)
Batting: LHB Adrian Cooke 0-0: Called Strike
0-1: Swinging Strike
0-2: Foul Ball, location: 2F
0-2: Foul Ball, location: 2F
0-2: Ball
1-2: Ball
2-2: Ball
3-2: Strikes out looking
Batting: SHB Scott Hill 0-0: Called Strike
0-1: Foul Ball, location: 5F
0-2: Foul Ball, location: 7LMF
0-2: Ball
1-2: Foul Ball, location: 7LSF
1-2: Ball
2-2: Strikes out looking
Top of the 6th over - 0 runs, 0 hits, 0 errors, 0 left on base; Atlanta 3 - Minnesota 5
BOTTOM OF THE 6TH
Minnesota Twins batting - Pitching for Atlanta Braves : LHP Jefry Alcantara
Batting: RHB Pinkney Hines 0-0: Ball
1-0: SINGLE (Line Drive, 4D, EV 100.0 MPH)
Batting: RHB Nick Haftel 0-0: Ball
1-0: DOUBLE (Flyball, 89XD, EV 105.6 MPH)
Pinkney Hines to third
Batting: RHB Victor Rodríguez 0-0: Called Strike
0-1: Ball
1-1: Called Strike
1-2: Strikes out swinging
Batting: RHB Isiah Crudup 0-0: Ball
1-0: Ball
2-0: Foul Ball, location: 9LMF
2-1: Called Strike
2-2: Foul Ball, location: 9LMF
2-2: Strikes out looking
Pitching: RHP Eliot Le Bras
Batting: LHB Dan Crain 0-0: Called Strike
0-1: Ball
1-1: Ball
2-1: Called Strike
2-2: Ground out 6-3 (Groundball, 6M, EV 83.8 MPH)
Bottom of the 6th over - 0 runs, 2 hits, 0 errors, 2 left on base; Atlanta 3 - Minnesota 5
TOP OF THE 7TH
Atlanta Braves batting - Pitching for Minnesota Twins : RHP Roberto Bush
Batting: RHB Jagger Macon 0-0: Ball
1-0: Ball
2-0: Called Strike
2-1: Ball
3-1: Called Strike
3-2: Foul Ball, location: 2LF
3-2: Fly out, F3 (Flyball, 3D, EV 87.5 MPH)
Pitching: RHP George Sheridan
Batting: RHB Peter Guice 0-0: Ball
1-0: Ball
2-0: Ball
3-0: SOLO HOME RUN (Flyball, 89XD, EV 111.9 MPH), Distance : 411 ft
Batting: RHB Aiden Newman 0-0: Ball
1-0: Called Strike
1-1: Swinging Strike
1-2: Foul Ball, location: 2F
1-2: Strikes out swinging
Pinch Hitting: LHB Wyatt Ritter 0-0: Called Strike
0-1: Ball
1-1: Called Strike
1-2: Fly out, F7 (Flyball, 7D, EV 110.0 MPH)
Top of the 7th over - 1 run, 1 hit, 0 errors, 0 left on base; Atlanta 4 - Minnesota 5
BOTTOM OF THE 7TH
Minnesota Twins batting - Pitching for Atlanta Braves : RHP Eliot Le Bras
Pitching: RHP Nate Southard
Now at 3B: C.J. Chayrez
Batting: RHB Samuel Everhart 0-0: Called Strike
0-1: Called Strike
0-2: Foul Ball, location: 7LSF
0-2: Ball
1-2: Ground out 5-3 (Groundball, 56, EV 110.6 MPH)
Batting: RHB Jordi Ortiz 0-0: Ball
1-0: Swinging Strike
1-1: Called Strike
1-2: Strikes out looking
Batting: RHB Raul Cathey 0-0: Foul Ball, location: 5FF
0-1: Foul Ball, location: 2F
0-2: Strikes out looking
Bottom of the 7th over - 0 runs, 0 hits, 0 errors, 0 left on base; Atlanta 4 - Minnesota 5
TOP OF THE 8TH
Atlanta Braves batting - Pitching for Minnesota Twins : RHP George Sheridan
Batting: RHB Sylvester Miles 0-0: Swinging Strike
0-1: Foul Ball, location: 9LSF
0-2: Ball
1-2: Ground out 6-3 (Groundball, 56, EV 109.4 MPH)
Pinch Hitting: LHB Braylen De Witt 0-0: Ball
1-0: Ball
2-0: Called Strike
2-1: Ball
3-1: Swinging Strike
3-2: Foul Ball, location: 2F
3-2: Strikes out looking
Batting: RHB Josias Jaynes 0-0: Ball
1-0: Called Strike
1-1: Fly out, F8 (Flyball, 89XD, EV 103.8 MPH)
Top of the 8th over - 0 runs, 0 hits, 0 errors, 0 left on base; Atlanta 4 - Minnesota 5
BOTTOM OF THE 8TH
Minnesota Twins batting - Pitching for Atlanta Braves : RHP Nate Southard
Now in CF: Braylen De Witt
Batting: RHB Zachary Dahdal 0-0: Ball
1-0: Called Strike
1-1: Ball
2-1: Ball
3-1: Base on Balls
Pitching: RHP Alcander Eaton
Batting: RHB Pinkney Hines 0-0: Fly out, F5 (Popup, 5S, EV 77.5 MPH)
Batting: RHB Nick Haftel 0-0: Ball
1-0: Swinging Strike
1-1: Ball
2-1: Foul Ball, location: 2F
2-2: Foul Ball, location: 5F
2-2: Strikes out looking
Batting: RHB Victor Rodríguez 0-0: Ball
1-0: Fly out, F8 (Flyball, 8RXD, EV 106.9 MPH)
Bottom of the 8th over - 0 runs, 0 hits, 0 errors, 1 left on base; Atlanta 4 - Minnesota 5
TOP OF THE 9TH
Atlanta Braves batting - Pitching for Minnesota Twins : RHP George Sheridan
Pitching: LHP Gabriel McClanahan
Batting: LHB Adrian Cooke 0-0: Ball
1-0: Ball
2-0: Ball
3-0: Called Strike
3-1: Base on Balls
Batting: SHB Scott Hill 0-0: Ball
1-0: Ball
2-0: Foul Ball, location: 2F
2-1: Foul Ball, location: 5FF
2-2: Fielders Choice at 2nd, 2-4 (Groundball, 15S, EV 67.5 MPH)
Batting: RHB Jagger Macon 0-0: Ball
1-0: Called Strike
1-1: Ball
2-1: Grounds into double play, 6-4-3 (Groundball, 6, EV 101.9 MPH)
Top of the 9th over - 0 runs, 0 hits, 0 errors, 0 left on base; Atlanta 4 - Minnesota 5
Monday, April 22nd , 2024 - OOTP Baseball 24.11 Build 85